 Dungeon Crawl Stone Soup version 0.25-a0-294-gea9b1ad378 (webtiles) character file.

Game seed: 18214761362887017820, levelgen mode: classic

619 Borgoz the Cudgeler (level 7, 0/41 HPs)
             Began as a Gargoyle Berserker on Dec 19, 2019.
             Was a Believer of Trog.
             Slain by an ogre
             ... wielding a +0 giant club
              (9 damage)
             ... on level 4 of the Dungeon.
             The game lasted 00:04:10 (3034 turns).

Borgoz the Cudgeler (Gargoyle Berserker)            Turns: 3034, Time: 00:04:10

Health: 0/41       AC: 11    Str: 21    XL:     7   Next: 46%
Magic:  7/7        EV: 16    Int:  7    God:    Trog [**....]
Gold:   55         SH:  0    Dex: 11    Spells: 6/6 levels left

rFire    + . .     SeeInvis .   a - +0 mace
rCold    . . .     Gourm    .   (no shield)
rNeg     + . .     Faith    .   f - +2 leather armour {rF+}
rPois    ∞         Spirit   .   i - +0 helmet
rElec    +         Reflect  .   (no cloak)
rCorr    .         Harm     .   (no gloves)
MR       ++...                  (no boots)
Stlth    +.........             (no amulet)
HPRegen  1.13/turn              h - +3 ring of evasion
MPRegen  0.10/turn              (no ring)

@: regenerating
A: negative energy resistance 1, electricity resistance, unbreathing,
petrification resistance, rot immunity, AC +4
a: Berserk, Trog's Hand, Renounce Religion


You were on level 4 of the Dungeon.
You worshipped Trog.
Trog was pleased with you.
You were hungry.

You visited 1 branch of the dungeon, and saw 4 of its levels.

You collected 55 gold pieces.

Inventory:

Hand Weapons
 a - a +0 mace (weapon)
Armour
 f - a +2 leather armour of fire resistance (worn)
 i - a +0 helmet (worn)
Jewellery
 h - a +3 ring of evasion (left hand)
 o - an uncursed ring of fire
Scrolls
 b - a scroll of magic mapping {unknown}
 d - 2 scrolls of teleportation
 e - a scroll of remove curse
 j - a scroll of noise {unknown}
 k - a scroll of immolation {unknown}
 l - a scroll of amnesia {unknown}
 m - a scroll of fog {unknown}
 s - a scroll of fear
 t - a scroll of enchant armour {unknown}
Potions
 g - a potion of heal wounds {unknown}
 n - a potion of might {unknown}
 p - 2 potions of curing
Comestibles
 c - 9 rations
 q - 3 chunks of flesh


   Skills:
 - Level 3.2 Fighting
 * Level 6.3 Maces & Flails
 + Level 4.7 Armour
 + Level 3.4 Dodging


You had 6 spell levels left.
You didn't know any spells.
Your spell library was empty.

Dungeon Overview and Level Annotations

Branches:
Dungeon (4/15)
 Temple: D:4-7

Altars:
Hepliaklqana
Ru


Innate Abilities, Weirdness & Mutations

You are resistant to torment.
Your stone body is resilient. (AC +4)
You are immune to poison.
You resist negative energy. (rN+)
You are resistant to electric shocks. (rElec)
You can survive without breathing.
You are immune to petrification.
You are immune to rotting.


Message History

The orc hits you but does no damage. The ogre misses you.
You hit the orc.
The orc is heavily wounded.
The orc completely misses you.
You barely miss the orc.
The orc is heavily wounded.
The orc misses you. The ogre hits you with a +0 giant club.
You hit the ogre.
The ogre is severely wounded.
You feel the effects of Trog's Hand fading.
The orc hits you but does no damage.
You hit the ogre.
The ogre is almost dead.
The orc closely misses you. The ogre hits you with a +0 giant club!
* * * LOW HITPOINT WARNING * * *
Unknown command.
You barely miss the ogre.
The ogre is almost dead.
The orc misses you. The ogre hits you with a +0 giant club!
You die...

..?.. #....# ......
#....# ......####....#
..............#
..............#######+###
####
................=........
....
...............!.........
..).
.............O...........
....
.............o@..........
..
..........###############
......##### ...... .....
..... .... .... ##+ #..


You could see an ogre and an orc.

Vanquished Creatures
  Sigmund (D:2)
  A phantom (D:4)
  A sky beast (D:3)
  A centaur skeleton (D:4)
  A bullfrog skeleton (D:4)
  Jessica (D:2)
  Natasha (thrice) (D:2)
  A gnoll (D:1)
  An adder (D:2)
  An ooze (D:3)
  2 worms
  4 dart slugs
  2 leopard geckos
  4 orcs (D:3)
  10 bats
  A giant cockroach (D:3)
  7 goblins
  7 hobgoblins
  13 jackals
  8 kobolds
  A quokka (D:3)
  3 ball pythons
  3 frilled lizards
  A jackal skeleton (D:4)
  2 rats
80 creatures vanquished.

Notes
Turn   | Place    | Note
-------+----------+-------------------------------------------
     0 | D:1      | Borgoz the Gargoyle Berserker began the quest for the Orb.
     0 | D:1      | Reached XP level 1. HP: 14/14 MP: 1/1
   222 | D:1      | Reached XP level 2. HP: 17/19 MP: 2/2
   494 | D:1      | Reached XP level 3. HP: 22/23 MP: 3/3
  1114 | D:2      | Reached skill level 4 in Maces & Flails
  1114 | D:2      | Reached XP level 4. HP: 28/28 MP: 4/4
  1127 | D:2      | Noticed Natasha
  1132 | D:2      | Killed Natasha
  1172 | D:2      | Noticed Sigmund
  1182 | D:2      | Killed Sigmund
  1182 | D:2      | Reached ** piety under Trog
  1182 | D:2      | Reached skill level 5 in Maces & Flails
  1182 | D:2      | Reached XP level 5. HP: 32/32 MP: 5/5
  1182 | D:2      | Reached XP level 6. HP: 37/37 MP: 6/6
  1263 | D:2      | Found a hazy altar of Hepliaklqana.
  1378 | D:2      | Noticed Jessica
  1383 | D:2      | Killed Jessica
  1689 | D:2      | Noticed Natasha
  1699 | D:2      | Killed Natasha
  1946 | D:2      | Noticed Natasha
  1963 | D:2      | Killed Natasha
  2386 | D:3      | Noticed a sky beast
  2406 | D:3      | Killed a sky beast
  2406 | D:3      | Reached XP level 7. HP: 29/41 MP: 7/7
  2651 | D:3      | Found a sacrificial altar of Ru.
  2837 | D:4      | Reached skill level 6 in Maces & Flails
  3034 | D:4      | Slain by an ogre

Levels and vault maps discovered:
D:1:      minmay_arrival_hallway, layout_basic, minmay_pentomino_t2
D:2:      layout_loops_ring, marbit_many_paths, first_ration,
          serial_bayou_crossing, uniq_natasha, uniq_jessica, uniq_sigmund
D:3:      layout_loops_ring, lemuel_coloured_pillars_altar
D:4:      layout_gridville, uniq_duvessa

Skill      XL: |  1  2  3  4  5  6  7 |
---------------+----------------------+-----
Dodging        | 2 3 |  3.4
Maces & Flails | 4 5 6 |  6.3
Armour         | 3 4 |  4.7
Fighting       | |  3.2

Action                   |  1- 3 |  4- 6 |  7- 9 || total
-------------------------+-------+-------+-------++-------
Melee: Mace              |    96 |   147 |    96 ||   339
Invok: Berserk           |       |     1 |       ||     1
       Trog's Hand       |       |       |     1 ||     1
  Use: Scroll            |       |       |     5 ||     5
  Eat: Chunk             |     1 |     5 |     2 ||     8
Armor: Leather armour    |    26 |    52 |    31 ||   109
       Animal skin       |     5 |       |       ||     5
Dodge: Dodged            |    90 |   105 |    84 ||   279

Table legend:
 A = Non-vault XP
 B = Vault XP
 C = Vault XP percentage of total XP
 D = Non-vault monster count
 E = Vault monster count
 F = Vault count percentage of total count
                 A         B        C        D         E       F
            +---------+---------+-------+---------+---------+-------
      Total |     577 |     308 |  34.8 |      74 |       6 |   7.5
            +---------+---------+-------+---------+---------+-------
        D:1 |      48 |       4 |   7.7 |      20 |       2 |   9.1
        D:2 |     109 |     304 |  73.6 |      13 |       4 |  23.5
        D:3 |     194 |       0 |   0.0 |      32 |       0 |   0.0
        D:4 |     226 |       0 |   0.0 |       9 |       0 |   0.0
            +---------+---------+-------+---------+---------+-------
